 Dungeon Crawl Stone Soup version 0.31.0-11-ge490571c62 (webtiles) character file.

Game seed: 11813839046410805582

420 Daunt the Shooter (level 6, -5/51 HPs)
             Began as a Demigod Shapeshifter on Jan 30, 2024.
             Killed by nerve-wracking pain
             ... invoked by Grinder
              (13 damage)
             ... on level 4 of the Dungeon.
             The game lasted 00:14:22 (3371 turns).

Daunt the Shooter (Demigod Shapeshifter)            Turns: 3371, Time: 00:14:23

Health: -5/51      AC:  3    Str: 15    XL:     6   Next: 35%
Magic:  8/8        EV: 12    Int: 12    God:
Gold:   85         SH:  5    Dex: 21    Spells: 5/5 levels left

rFire   . . .        a - +1 sling (drain)
rCold   . . .        (no shield)
rNeg    . . .        h - +0 leather armour
rPois   .            (helmet currently unavailable)
rElec   .            (cloak currently unavailable)
rCorr   .            (gloves currently unavailable)
SInv    .            (boots currently unavailable)
Will    .....        e - amulet of reflection
Stlth   ++           (no ring)
HPRegen 0.28/turn    (no ring)
MPRegen 0.11/turn

%: reflection
@: beast-form
A: beast (slay +1), high MP 1, forlorn, divine attributes
a: Begin Untransformation


You were on level 4 of the Dungeon.
You were a hulking beast.
You visited 1 branch of the dungeon, and saw 4 of its levels.
You also visited: Ossuary.

You collected 220 gold pieces.
You spent 135 gold pieces at shops.

Inventory:

Hand Weapons
 a - a +1 sling of draining (weapon)
 r - a +2 mace of holy wrath
Missiles
 j - 3 poisoned darts
 o - 31 stones
 q - 4 atropa-tipped darts
 w - 3 boomerangs
Armour
 h - a +0 leather armour (worn)
 v - a +0 ring mail
Jewellery
 e - an amulet of reflection (around neck)
 y - a +6 ring of intelligence
Talismans
 c - a beast talisman
 d - a flux talisman
 m - a storm talisman
Scrolls
 f - 2 scrolls of fear {unknown}
 g - 4 scrolls of identify {unknown}
 l - 4 scrolls of teleportation {unknown}
 n - 2 scrolls of enchant weapon {unknown}
 p - 2 scrolls of immolation {unknown}
 t - a scroll of enchant armour {unknown}
 u - 4 scrolls of revelation {unknown}
 x - a scroll of butterflies {unknown}
Potions
 b - 6 potions of lignification
 i - a potion of heal wounds {unknown}
 k - a potion of magic {unknown}
 s - 4 potions of attraction {unknown}


   Skills:
 - Level 3.2 Fighting
 + Level 5.1 Ranged Weapons
 - Level 1.7 Dodging
 - Level 2.6 Unarmed Combat
 - Level 2.9 Shapeshifting


You had 5 spell levels left.
You didn't know any spells.
Your spell library contained the following spells:

 Spells                   Type           Power      Damage    Failure   Level
 Cigotuvi's Dreadful Rot  Necr/Alch/Air  0%         N/A       52%         2
 Ensorcelled Hibernation  Hex/Ice        0%         N/A       52%         2
 Gell's Gravitas          Tloc           0%         N/A       77%         3
 Passwall                 Erth           0%         N/A       77%         3
 Swiftness                Air            0%         N/A       77%         3
 Brom's Barrelling Bould  Conj/Erth      0%         2d3       99%         4
 Dispel Undead            Necr           0%         3d6       99%         4
 Martyr's Knell           Necr/Summ      0%         N/A       99%         4
 Borgnjor's Vile Clutch   Necr/Erth      0%         N/A       100%        5
 Death Channel            Necr           0%         N/A       100%        6
 Lehudib's Crystal Spear  Conj/Erth      0%         10d2      100%        8


Dungeon Overview and Level Annotations

Branches:
Dungeon (4/15)            Ossuary (visited)
 Temple: D:4-7

Shops:
D:2 (

Annotations:
D:3 3 runed translucent doors, ces's ghost, weakling SpHu
D:4 1 runed translucent door, Grinder; Strat's ghost, amateur AtCj


Innate Abilities, Weirdness & Mutations

You are a hulking beast.
Your limbs bulge with bestial killing power. (Slay +1)
You have an increased reservoir of magic. (+10% MP)
You shall have no god before yourself.
Your divine heritage dramatically boosts your attributes as you level up.


Message History

You shoot a sling bullet.
The sling bullet closely misses Grinder.
Grinder grins, showing sharp teeth.
Grinder gestures at you.
You struggle to resist.
You shoot a sling bullet. The sling bullet hits Grinder.
Grinder is severely wounded.
Grinder zaps a wand.
The puff of flame hits you.
You shoot a sling bullet. The sling bullet barely misses Grinder.
Grinder zaps a wand.
The puff of flame misses you.
You shoot a sling bullet. The sling bullet hits Grinder!
Grinder is almost dead.
Grinder blinks!
You shoot a sling bullet.
The sling bullet completely misses Grinder.
Grinder gestures at you.
You suddenly lose the ability to move!
Grinder hits you.
You writhe in agony.
Grinder gestures at you. Pain shoots through your body! Grinder hits you!
You writhe in agony.
Grinder zaps a wand.
The puff of flame hits you.
Grinder zaps a wand.
The puff of flame hits you!
* * * LOW HITPOINT WARNING * * *
You can move again.
Unknown command.
Unknown command.
Unknown command.
Unknown command.
Okay, then.
Unknown command.
Fire: a) +1 sling (drain)
Press: ? - help, Q - select action, (/) - cycle Shift-Dir - straight line, f/p - Grinder
Aim: Grinder, carrying a wand of flame (almost dead, 63% to hit)
You shoot a sling bullet. The sling bullet hits Grinder.
Grinder is almost dead.
Grinder says, "Mostly I couldn't keep them alive."
Grinder gestures at you. Pain shoots through your body!
You die...
Grinder sighs, "Dead already?
I want a refund."

#### #..## . ###...##
... ##...#..# ....
##########..####.#...?.
#......##..###......#
#......##.## #.5<.###
###......##.####h.#.#
.....#.#.....#......#
.#####>.............#
..# ##................
#.###...........)......#
#..##)...).........%.#.#
........[............#.#
.....#...............#
##...................


You could see Grinder.

Vanquished Creatures
  An elf zombie (Ossuary)
  A bombardier beetle (D:3)
  An orc priest (D:3)
  3 iguanas (D:4)
  A hound zombie (Ossuary)
  4 mummies (Ossuary)
  5 gnolls
  2 adders
  A white imp (D:4)
  2 ribbon worms (D:2)
  A dart slug (D:3)
  4 orcs
  3 endoplasms
  2 giant cockroaches
  5 goblins
  9 hobgoblins
  4 jackals
  6 kobolds
  2 quokkas (D:1)
  6 ball pythons
  2 bats (D:2)
  3 frilled lizards
  2 gnoll zombies (Ossuary)
  2 goblin zombies (Ossuary)
  2 jackal zombies (Ossuary)
  2 kobold zombies (Ossuary)
  An orc zombie (Ossuary)
  2 rats
  A rat zombie (Ossuary)
80 creatures vanquished.

Notes
Turn   | Place    | Note
-------+----------+-------------------------------------------
     0 | D:1      | Daunt the Demigod Shapeshifter began the quest for the Orb.
     0 | D:1      | Reached XP level 1. HP: 15/15 MP: 3/3
    59 | D:1      | Reached skill level 1 in Fighting
   129 | D:1      | Reached XP level 2. HP: 15/24 MP: 4/4
   759 | D:2      | Reached XP level 3. HP: 27/30 MP: 5/5
   967 | D:2      | Found Rehuu's Weapon Shoppe.
  1233 | D:2      | Got the Papyrus of Space and the Gargoyle
  1298 | D:2      | Reached skill level 1 in Ranged Weapons
  1338 | D:2      | Reached XP level 4. HP: 26/38 MP: 6/6
  1796 | D:4      | Reached skill level 2 in Ranged Weapons
  1905 | D:3      | Reached skill level 3 in Ranged Weapons
  1905 | D:3      | Reached XP level 5. HP: 26/45 MP: 7/7
  2019 | D:4      | Found a runed translucent door.
  2024 | D:4      | Noticed Strat's ghost (amateur AtCj)
  2082 | D:4      | Found a sand-covered staircase.
  2092 | Ossuary  | Entered an ossuary
  2173 | Ossuary  | Reached skill level 4 in Ranged Weapons
  2357 | Ossuary  | Reached XP level 6. HP: 51/51 MP: 8/8
  2613 | D:2      | Bought a +1 sling of draining for 135 gold pieces
  2752 | D:3      | Found a runed translucent gate.
  2780 | D:3      | Reached skill level 5 in Ranged Weapons
  3189 | D:3      | Found a runed translucent gate.
  3189 | D:3      | Found a runed translucent gate.
  3197 | D:3      | Noticed ces's ghost (weakling SpHu)
  3347 | D:4      | Noticed Grinder
  3366 | D:4      | Paralysed by Grinder for 5 turns
  3371 | D:4      | Killed from afar by Grinder

Illustrated notes

Levels and vault maps discovered:
D:1:      evilmike_arrival_home_sweet_home, layout_basic
D:2:      layout_loops_ring, serial_shops, nicolae_shop_waterfront
D:3:      layout_basic, nicolae_hepliaklqana_hippocampus,
          mainiacjoe_overflow_tiny_flanked, vehumet_crystals,
          nicolae_overflow_squiral, ebering_ghost_gozag
D:4:      layout_rooms, mainiacjoe_ossuary_entry_dusty_tomb,
          ebering_ghost_sewer_d, uniq_grinder

Skill      XL: |  1  2  3  4  5  6 |
---------------+-------------------+-----
Fighting       | 2 3 |  3.2
Ranged Weapons | 1 3 4 5 |  5.1
Dodging        | |  1.7
Unarmed Combat | |  2.6
Shapeshifting  | |  2.9

Action                     |  1- 3 |  4- 6 || total
---------------------------+-------+-------++-------
  Melee: Unarmed           |   143 |    76 ||   219
         Punch             |     5 |     5 ||    10
         Mace              |       |    48 ||    48
   Fire: Sling             |       |    43 ||    43
  Throw: Dart              |       |     3 ||     3
         Stone             |       |     2 ||     2
 Armour: Animal skin       |    15 |       ||    15
         Ring mail         |    56 |    61 ||   117
         Leather armour    |     1 |     7 ||     8
  Dodge: Dodged            |    64 |    63 ||   127
  Block: Other             |    25 |    21 ||    46
